[Event "*** Titled Tuesday 3|2 Blitz"]
[Site "Chess.com"]
[Date "2015.09.01"]
[Round "6"]
[White "jcibarra"]
[Black "joppie2"]
[Result "0-1"]
[WhiteElo "2543"]
[BlackElo "2399"]
[TimeControl "180+2"]
[EndTime "12:13:26 PDT"]
[Termination "joppie2 won by resignation"]

1. e4 e5 2. Nf3 Nc6 3. Bb5 g6 4. d4 exd4 5. Bg5 Be7 6. Bxe7 Qxe7 7. Bxc6 dxc6 8. Qxd4 Nf6 9. Nc3 Bg4 10. Nd2 c5 11.
Qe3 O-O-O 12. f3 Be6 13. O-O-O Kb8 14. Rhe1 b6 15. g4 Rd4 16. Nb3 Bxb3 17. axb3 Rhd8 18. g5 Nh5 19. Nd5 Qe6 20. c3 Rxd1+ 21. Rxd1 c6 22. Nf4 Rxd1+ 23. Kxd1 Qd6+ 24. Nd3 Qxh2 25. f4 Kb7 26. e5 Ng7 27. Qd2 Qh1+ 28. Ne1 Qd5 29. c4 Qd4 30. Nf3 Qxd2+ 31. Kxd2 b5 32. Nh2 Ne6 33.
Ke3 Nd4 34. Ng4 Nxb3 35. Nh6 Na5 36. Nxf7 Nxc4+ 37. Ke4 Kc7 38. e6 Nxb2 39. f5 gxf5+ 40.
Kxf5 Nc4 41. Kf6 Ne3 42. Kg7 Nd5 43. Kxh7 b4 44. g6 b3 45. g7 b2 46. g8=Q Nf6+ 47.
Kg7 Nxg8 48. Kxg8 b1=Q 49. e7 Qe4 50. Kf8 Kd7 0-1

[Event "*** Titled Tuesday 3|2 Blitz"]
[Site "Chess.com"]
[Date "2015.09.01"]
[Round "6"]
[White "stepanosinovsky"]
[Black "HansCoolNiemann"]
[Result "0-1"]
[WhiteElo "2282"]
[BlackElo "2075"]
[TimeControl "180+2"]
[EndTime "12:13:28 PDT"]
[Termination "HansCoolNiemann won on time"]

1. Nf3 Nf6 2. g3 g6 3. Bg2 Bg7 4. O-O O-O 5. d3 d5 6. Nbd2 c5 7. e4 Nc6 8. Re1 e5 9. c3 h6 10. Qb3 dxe4 11. dxe4 b6 12. Nf1 Be6 13. Qc2 Qc7 14. Ne3 Rfd8 15. a4 Na5 16. Nd2 Rd7 17.
b4 cxb4 18. cxb4 Qxc2 19. Nxc2 Nb3 20. Nxb3 Bxb3 21. Ne3 Rc8 22. Bh3 Be6 23. Bxe6 fxe6 24. f3 Bf8 25. Rb1 Rd3 26. Kf1 Rd4 27. Bb2 Rxb4 28. Bxe5 Nd7 29. Rxb4 Bxb4 30. Rb1 Nxe5 31. Rxb4 Nxf3 32. a5 bxa5 33. Rb7 Nd2+ 34. Ke2 Nxe4 35.
Rxa7 Rc5 36. Kd3 Ng5 37. Ng4 Nf7 38. Kd4 Rd5+ 39. Ke4 Rf5 0-1

[Event "*** Titled Tuesday 3|2 Blitz"]
[Site "Chess.com"]
[Date "2015.09.01"]
[Round "6"]
[White "MITerryble"]
[Black "Storne89"]
[Result "1-0"]
[WhiteElo "2586"]
[BlackElo "2476"]
[TimeControl "180+2"]
[EndTime "12:13:32 PDT"]
[Termination "MITerryble won by resignation"]

1. d4 Nf6 2. Nf3 c5 3. d5 b5 4.
Bg5 Qb6 5. Bxf6 Qxf6 6. c3 Qb6 7.
e4 d6 8. a4 bxa4 9. Qxa4+ Bd7 10. Qa3 g6 11. Nbd2 Bg7 12. Nc4 Qc7 13. Qa5 Qb7 14. Nb6 O-O 15. Ra2 f5 16. Nxa8 fxe4 17.
Nd2 e3 18. fxe3 Qxa8 19. Qxa7 Qxa7 20. Rxa7 Bh6 21. Nc4 Re8 22. Be2 Bf5 23. Kd2 Nd7 24. Bd3 Nf6 25. Bxf5 gxf5 26. Rf1 Nxd5 27. Rxf5 Nf6 28.
Ke2 d5 29. Nb6 Rb8 30. Ra8 Rxa8 31. Nxa8 Kf7 32. Nc7 e6 33. Rf1 Ke7 34. Ra1 Ne4 35. Ra6 Nd6 36. Ra7 Kf6 37. b4 cxb4 38. cxb4 Nc4 39.
e4 dxe4 40. Ra6 Kf5 41. Nxe6 Bc1 42. Rc6 1-0

[Event "*** Titled Tuesday 3|2 Blitz"]
[Site "Chess.com"]
[Date "2015.09.01"]
[Round "6"]
[White "AnthonyWirig"]
[Black "Tal-Baronfew"]
[Result "1/2-1/2"]
[WhiteElo "2528"]
[BlackElo "2713"]
[TimeControl "180+2"]
[EndTime "12:13:40 PDT"]
[Termination "Game drawn by repetition"]

1. d4 Nf6 2. Nf3 g6 3. c4 Bg7 4. g3 c5 5. Bg2 O-O 6. O-O cxd4 7.
Nxd4 d5 8. cxd5 Nxd5 9. Nb5 Be6 10. Nd4 Bc8 11. Nb5 Be6 12. Nd4 Bc8 13. Nc3 Nxc3 14. bxc3 Nc6 15. Be3 Na5 16. Qd3 Qc7 17. Nb5 Qc4 18.
Rab1 Bf5 19. Qxc4 Nxc4 20. Rb4 Nxe3 21. fxe3 Bh6 22. Kf2 Bc8 23. Nc7 Rb8 24. Na6 Ra8 25. Bxb7 Bxb7 26. Rxb7 Rfc8 27. Nc7 Rab8 28. Rfb1 Rxb7 29.
Rxb7 a5 30. Ra7 e6 31. Ra8 Rxa8 32. Nxa8 Kf8 33. Nb6 Bg7 34. Na4 Ke7 35. e4 Kd6 36.
Ke3 Kc6 37. c4 Ba1 38. Kd3 g5 39. g4 Be5 40. h3 h6 41. Kc2 Bd4 42. Kd3 Be5 43. Nc3 Kc5 44. a3 Bg7 45. Na4+ Kc6 46. Kc2 Bd4 47. Kd3 Be5 48. Kc2 Bd4 49. Kd3 Be5 50. Kc2 Bd4 1/2-1/2

[Event "*** Titled Tuesday 3|2 Blitz"]
[Site "Chess.com"]
[Date "2015.09.01"]
[Round "6"]
[White "Hafez_Bakr"]
[Black "kikydu96"]
[Result "0-1"]
[WhiteElo "1726"]
[BlackElo "2171"]
[TimeControl "180+2"]
[EndTime "12:13:49 PDT"]
[Termination "kikydu96 won by resignation"]

1. c4 e5 2. Nf3 Nc6 3. d3 f5 4. g3 Nf6 5. Bg2 Bc5 6. O-O O-O 7. Nc3 d6 8. Bg5 a6 9. Nd5 Be6 10. Nxf6+ gxf6 11. Bh6 Rf7 12. a3 e4 13. Nh4 d5 14. cxd5 Qxd5 15. Rc1 Bf8 16. Bxf8 Rfxf8 17. dxe4 fxe4 18. Qc2 f5 19. Rfd1 Qe5 20. e3 Rad8 21. Bf1 Rd6 22. Rxd6 cxd6 23. Ng2 d5 24. Nf4 Bf7 25.
b4 d4 26. exd4 Nxd4 27. Qc3 b5 28. Kg2 Bd5 29. Nxd5 Qxd5 30. Qe3 f4 31. gxf4 Nf5 32.
Qc5 Qd2 33. a4 Qxf4 34. Kh1 Nh4 35. Bg2 Nxg2 36. Rg1 Kh8 37. Rxg2 bxa4 38. Qd4+ Qf6 39. Qxe4 a3 40. Qd5 Rd8 41. Qb3 Qb2 42. Qg3 a2 43.
Rg1 a1=Q 44. Rxa1 Qxa1+ 45. Kg2 Rg8 46. h4 Qd4 47. Kh3 Rxg3+ 48. fxg3 Qxb4 49. g4 Qc3+ 0-1

[Event "*** Titled Tuesday 3|2 Blitz"]
[Site "Chess.com"]
[Date "2015.09.01"]
[Round "6"]
[White "bugsbunny444"]
[Black "rikyshi"]
[Result "1-0"]
[WhiteElo "2298"]
[BlackElo "2090"]
[TimeControl "180+2"]
[EndTime "12:14:06 PDT"]
[Termination "bugsbunny444 won by resignation"]

1. Nf3 Nf6 2. c4 e6 3. g3 d5 4. Bg2 c6 5. O-O Be7 6. b3 O-O 7. d4 a5 8. Nc3 Nbd7 9. Qc2 b6 10.
e4 dxe4 11. Nxe4 Bb7 12. Rd1 Nxe4 13. Qxe4 Bf6 14. Bf4 Qe7 15. Ne5 Bxe5 16. dxe5 Nc5 17. Qe2 Rfd8 18. Rd6 Rxd6 19. exd6 Qd7 20. Rd1 Na6 21.
Be3 c5 22. Bxb7 Qxb7 23. d7 Rd8 24. Bg5 Rxd7 25. Rxd7 Qxd7 26. Qe5 f6 27. Qe4 Nb4 28. Be3 Nxa2 29. Qa8+ Kf7 30. h4 Nb4 31. h5 Qd1+ 32. Kg2 Qxh5 33. Qb7+ Kg6 34. Qxb6 Nd3 35. Qxe6 Ne1+ 36.
Kf1 Nc2 37. Qe8+ Kf5 38. Qxh5+ Ke4 39. Qxh7+ 1-0

[Event "*** Titled Tuesday 3|2 Blitz"]
[Site "Chess.com"]
[Date "2015.09.01"]
[Round "6"]
[White "BIG_Pirate"]
[Black "PawelCzarnota"]
[Result "0-1"]
[WhiteElo "2206"]
[BlackElo "2429"]
[TimeControl "180+2"]
[EndTime "12:14:24 PDT"]
[Termination "PawelCzarnota won by resignation"]

1. Nf3 c5 2. c4 Nc6 3. Nc3 e5 4. g3 f5 5. d3 Nf6 6. Bg2 g6 7.
O-O Bg7 8. Bg5 h6 9. Bxf6 Qxf6 10. a3 O-O 11. Rb1 d6 12. Nd5 Qf7 13. b4 Kh7 14. bxc5 dxc5 15. Nd2 Qd7 16. Re1 b6 17. Nb3 Bb7 18.
a4 Ne7 19. Nxe7 Qxe7 20. Bxb7 Qxb7 21. Nxc5 Qc6 22. Na6 f4 23. Nb4 Qe6 24. Nd5 Rf7 25.
Kg2 Raf8 26. f3 Qf5 27. Nc3 h5 28. Ne4 g5 29. Rb5 g4 30. Rf1 Qg6 31. a5 h4 32.
axb6 axb6 33. Qb3 h3+ 34. Kg1 fxg3 35. Rxb6 gxh2+ 36. Kxh2 Qf5 37. Rb7 Qf4+ 38. Ng3 e4 39. Rxf7 Rxf7 40. fxe4 Qxf1 41. Nxf1 Rxf1 42. Qb7 Rf2+ 43.
Kg1 g3 44. Qd7 h2+ 45. Kh1 Rf1+ 0-1

[Event "*** Titled Tuesday 3|2 Blitz"]
[Site "Chess.com"]
[Date "2015.09.01"]
[Round "6"]
[White "alturas_pacificas"]
[Black "ItalianMachine"]
[Result "0-1"]
[WhiteElo "2001"]
[BlackElo "2199"]
[TimeControl "180+2"]
[EndTime "12:14:31 PDT"]
[Termination "ItalianMachine won by checkmate"]

1. d4 Nf6 2. Bf4 g6 3. e3 Bg7 4. Nf3 d6 5. Be2 Nh5 6. Bg5 h6 7. Bh4 g5 8. Nfd2 Nf6 9. Bg3 c6 10. c4 Na6 11. Nc3 h5 12. h4 g4 13. a3 Bf5 14. b4 Nc7 15. e4 Bg6 16. O-O Nd7 17.
Nb3 e5 18. d5 Nf6 19. Bd3 Qe7 20. Rc1 O-O 21. f3 gxf3 22. Qxf3 Ng4 23. Rc2 Bh6 24.
Re2 Ne8 25. dxc6 bxc6 26. c5 Ng7 27. cxd6 Qxd6 28. Bc4 Kh7 29. Rd1 Qe7 30. Nc5 f5 31. exf5 Nxf5 32. Be1 Nd4 33. Qg3 Nxe2+ 34. Bxe2 Be3+ 35.
Kh1 Bf4 36. Qf3 Bd2 37. Qxc6 Bxe1 38. Rd7 Qxd7 39. Qxd7+ Rf7 40. Qd1 Bxc3 41. Bxg4 hxg4 42. Qxg4 Rf4 43. Qd7+ Kh6 44. g3 Rd4 45. Qc6 Rf8 46.
Kg2 Rd2+ 47. Kh3 Bd4 48. Ne6 Rf6 49. g4 Rd3+ 50. Kg2 Rf2+ 51. Kh1 Rd1# 0-1

[Event "*** Titled Tuesday 3|2 Blitz"]
[Site "Chess.com"]
[Date "2015.09.01"]
[Round "6"]
[White "AnastasiaProtopopova"]
[Black "myaccount88"]
[Result "0-1"]
[WhiteElo "1778"]
[BlackElo "2145"]
[TimeControl "180+2"]
[EndTime "12:14:33 PDT"]
[Termination "myaccount88 won by resignation"]

1. Nf3 g6 2. c4 Bg7 3. d4 c5 4.
d5 Nf6 5. Nc3 O-O 6. e4 d6 7.
Be2 e6 8. O-O exd5 9. cxd5 Bg4 10. Nd2 Bxe2 11. Qxe2 Nbd7 12. Nc4 Nb6 13. f4 Re8 14. Nxb6 Qxb6 15. Qc4 Qb4 16. Qxb4 cxb4 17. Nb5 Nxe4 18. Nc7 Bd4+ 19. Kh1 Nf2+ 20. Kg1 Nd3+ 21.
Kh1 Nxc1 22. Raxc1 Bxb2 23. Rb1 Bc3 24. Nxa8 Rxa8 25.
Rfc1 Rc8 26. Kg1 Rc5 27. Rd1 a5 28. Kf1 Rc4 29. g3 h5 30. Kf2 h4 31. Kf3 hxg3 32.
hxg3 b5 33. Rd3 Kg7 34. Rbd1 a4 35. Rc1 g5 36. f5 Kf6 37. g4 Rf4+ 38. Kg3 Be5 39. Kh3 Rf2 40. Rh1 Rxa2 41. Rdd1 b3 42. Rc1 Rd2 43. Rc8 b2 44. Rb8 Rxd5 45. Kg2 Rd2+ 46.
Kf3 Bf4 47. Rh6+ Ke5 48. Re8+ Kd4 49. Rh7 b1=Q 0-1

[Event "*** Titled Tuesday 3|2 Blitz"]
[Site "Chess.com"]
[Date "2015.09.01"]
[Round "6"]
[White "Bab3s"]
[Black "HZMC92"]
[Result "0-1"]
[WhiteElo "2131"]
[BlackElo "2262"]
[TimeControl "180+2"]
[EndTime "12:14:37 PDT"]
[Termination "HZMC92 won by resignation"]

1. e4 c5 2. c3 d5 3. exd5 Qxd5 4. d4 Nf6 5. Nf3 Bg4 6. Nbd2 cxd4 7. Bc4 Qd6 8. Qb3 Nbd7 9. Bxf7+ Kd8 10. O-O Nc5 11. Qc4 d3 12. b4 Ncd7 13. Qd4 Qxd4 14. Nxd4 e5 15. Ne6+ Ke7 16. Nxf8 Kxf7 17. Nxd7 Bxd7 18.
Re1 Rhe8 19. Nc4 e4 20. Nd6+ Kg6 21. Nxe8 Rxe8 22. f3 Bc6 23. Kf2 Rd8 24. Bd2 a6 25. Rad1 h5 26. Be3 h4 27. Bd4 exf3 28. gxf3 Nh5 29. Rxd3 Nf4 30. Rg1+ Kh5 31. Re3 Nh3+ 32.
Kf1 Nxg1 33. Kxg1 g5 34. Kf2 Rf8 35. Ke2 g4 36. fxg4+ Kxg4 37. Bc5 Bb5+ 38. Kd2 Rf2+ 39. Ke1 Rxh2 40. c4 Bc6 41. a3 h3 42. Bd6 Ra2 43. Rg3+ Kh4 44. Rg8 Bf3 45. Be7+ Kh5 46. Rh8+ Kg4 47. Rg8+ Kf4 48. Bd6+ Ke3 49. Bc5+ Kd3 50.
Rg3 h2 51. Rxf3+ Kxc4 52. Rh3 Ra1+ 53. Kd2 h1=Q 54. Rxh1 Rxh1 55. Kc2 Rh2+ 56. Kb1 Kb3 57. b5 Rh1+ 0-1

[Event "*** Titled Tuesday 3|2 Blitz"]
[Site "Chess.com"]
[Date "2015.09.01"]
[Round "6"]
[White "wonderfultime"]
[Black "facu57"]
[Result "0-1"]
[WhiteElo "2631"]
[BlackElo "2480"]
[TimeControl "180+2"]
[EndTime "12:14:38 PDT"]
[Termination "facu57 won by resignation"]

1. d4 Nf6 2. c4 e6 3. Nf3 Bb4+ 4.
Nbd2 O-O 5. a3 Be7 6. e3 d5 7.
Be2 b6 8. O-O Bb7 9. Qc2 Nbd7 10. b4 c5 11. bxc5 bxc5 12. Bb2 Rc8 13. Rac1 Qa5 14. Bc3 Qc7 15. Qb2 Ba8 16. Qa1 Rfe8 17. Rfd1 cxd4 18. Bxd4 Qa5 19. cxd5 Bxd5 20. a4 Nc5 21.
Bb5 Red8 22. Ne5 Nfe4 23. Nec4 Qc7 24. Nxe4 Bxe4 25. Nd2 Qb7 26. f3 Bg6 27. Bxg7 a6 28. Bh6 f6 29. Bc4 Bf7 30. Nf1 Rxd1 31. Rxd1 Qc6 32.
a5 Rb8 33. Ng3 Nb3 34. Bxb3 Rxb3 35. Qd4 Bg6 36. Ne4 Bxe4 37. fxe4 Kf7 38. e5 f5 39. Qf4 Kg6 40. h4 Rb4 41. Qf3 Qxf3 42. gxf3 Kxh6 43. Rd7 Bc5 44. Kf2 f4 45. Ke2 Bxe3 46. Rd6 Rb2+ 47.
Ke1 Kh5 48. Rxe6 Kxh4 49. Rb6 Bxb6 0-1

[Event "*** Titled Tuesday 3|2 Blitz"]
[Site "Chess.com"]
[Date "2015.09.01"]
[Round "6"]
[White "AleksandrNevski"]
[Black "Tesla37"]
[Result "1-0"]
[WhiteElo "2331"]
[BlackElo "2538"]
[TimeControl "180+2"]
[EndTime "12:14:54 PDT"]
[Termination "AleksandrNevski won by resignation"]

1. c4 e5 2. g3 Nc6 3. Bg2 Nf6 4. Nc3 Bc5 5. e3 O-O 6. Nf3 d6 7. O-O h6 8. d4 exd4 9. exd4 Bb6 10. h3 a6 11. Re1 Bf5 12. Be3 Ba7 13. d5 Ne7 14. Bxa7 Rxa7 15. Nd4 Bh7 16. Qd2 Ra8 17. Re2 Qd7 18.
Rae1 Rae8 19. b4 Nf5 20. c5 Nxd4 21. Qxd4 Rxe2 22. Rxe2 Re8 23. c6 bxc6 24. dxc6 Qc8 25. Rxe8+ Qxe8 26. Bf3 Bf5 27. g4 Qe1+ 28. Kg2 Be6 29.
a4 h5 30. gxh5 Bf5 31. h6 Qe6 32. Nd5 Bxh3+ 33. Kh2 Bf1 34. Nxf6+ gxf6 35. Qg4+ Qxg4 36. Bxg4 Bd3 37. Kg3 Bc2 38. a5 Ba4 39. Bf3 Kh7 40. Kf4 Kxh6 41. Bd5 Bb5 42. Ke3 Kg5 43. Kd4 Kf5 44.
Bc4 Bxc6 45. Bxa6 Ke6 46. Bc8+ Ke7 47. a6 Kd8 48. Bb7 Kd7 49. b5 Bxb7 50. axb7 c5+ 51. bxc6+ Kc7 52. Kd5 f5 53. f3 f4 54. Ke4 1-0

[Event "*** Titled Tuesday 3|2 Blitz"]
[Site "Chess.com"]
[Date "2015.09.01"]
[Round "6"]
[White "Haridaskesavan"]
[Black "enen0315"]
[Result "0-1"]
[WhiteElo "2004"]
[BlackElo "1952"]
[TimeControl "180+2"]
[EndTime "12:15:03 PDT"]
[Termination "enen0315 won by resignation"]

1. e4 c5 2. c3 d5 3. exd5 Qxd5 4.
d4 Nc6 5. Nf3 e6 6. Be2 Nf6 7.
O-O Be7 8. Be3 cxd4 9. cxd4 O-O 10. Nc3 Qd8 11. Ne5 Nb4 12. Qb3 Nbd5 13. Bf3 Rb8 14. Bg5 h6 15. Bh4 Bd7 16. Bg3 Rc8 17. Qxb7 Nxc3 18. bxc3 Rxc3 19. Qxa7 Ra3 20. Qb7 Bc8 21.
Qb2 Bd7 22. Rfd1 Ra5 23. Nxd7 Qxd7 24. Qd2 Ra4 25. Rac1 Nd5 26. h4 Rfa8 27. Rc2 Bf6 28. Be5 Bxh4 29. g3 Bg5 30. Qe2 Qa7 31. Qe4 Rxa2 32.
Rxa2 Qxa2 33. Be2 Qa4 34. Bd3 g6 35. Qg4 Rd8 36. f4 Bf6 37. Bxf6 Nxf6 38. Qe2 Qxd4+ 39.
Kg2 Qb6 40. Rf1 Kg7 41. g4 Qc6+ 42. Kg3 Rd4 43. Rf3 Qd6 44. Qe3 g5 45. Kg2 gxf4 46.
Qe2 Nxg4 47. Rh3 Ne3+ 48. Kf3 Rxd3 0-1

[Event "*** Titled Tuesday 3|2 Blitz"]
[Site "Chess.com"]
[Date "2015.09.01"]
[Round "6"]
[White "MFBerna"]
[Black "Keaton87"]
[Result "0-1"]
[WhiteElo "2136"]
[BlackElo "2410"]
[TimeControl "180+2"]
[EndTime "12:15:13 PDT"]
[Termination "Keaton87 won by resignation"]

1. e4 c5 2. Nf3 d6 3. d4 Nf6 4.
Nc3 cxd4 5. Nxd4 g6 6. Be2 Bg7 7. O-O Nc6 8. Be3 O-O 9. Nb3 Be6 10. f4 Rc8 11. Kh1 Na5 12. Qd2 Bc4 13. Bd3 a6 14. Rad1 Bxd3 15. Qxd3 Nc4 16. Bc1 b5 17. a3 Qc7 18.
Ne2 Rfd8 19. c3 d5 20. e5 Ne4 21. Ng3 Nxg3+ 22. Qxg3 e6 23. Nd4 Na5 24. Nf3 Qc4 25. Qh4 Nb3 26. Be3 a5 27. Ng5 h6 28.
Nf3 Qe4 29. Rfe1 Qc4 30. Qf2 b4 31. axb4 axb4 32. cxb4 Qxb4 33. Nd4 Rc4 34. Nxb3 Qxb3 35. Bd4 Rdc8 36. h3 Rc2 37. Qe3 Qxe3 38. Rxe3 Rf2 39. Rf3 Rxf3 40. gxf3 Bf8 41. Ra1 Rc2 42. Ra8 Kg7 43.
Ra7 Rc4 44. Be3 Bc5 45. Bxc5 Rxc5 46. b4 Rc4 47. b5 Rxf4 48. b6 Rb4 49. b7 g5 50. Kg2 Kg6 51. Kg3 h5 52. Kf2 h4 53.
Ke3 Kf5 54. b8=Q Rxb8 55. Rxf7+ Kxe5 56. Rg7 Rb3+ 57. Ke2 Kf4 58. Rf7+ Kg3 59. Rg7 Kf4 60. Rf7+ Ke5 61. Rg7 Kf6 62. Rg8 Rb2+ 63. Ke3 Rh2 64. Rf8+ Kg7 65. Re8 Kf7 66. Rh8 Rxh3 67. Rh7+ Kf6 68.
Re7 Kxe7 0-1

[Event "*** Titled Tuesday 3|2 Blitz"]
[Site "Chess.com"]
[Date "2015.09.01"]
[Round "6"]
[White "Fh2411"]
[Black "SCIM"]
[Result "1-0"]
[WhiteElo "2210"]
[BlackElo "2128"]
[TimeControl "180+2"]
[EndTime "12:15:22 PDT"]
[Termination "Fh2411 won by resignation"]

1. d4 Nf6 2. Nf3 g6 3. g3 Bg7 4. Bg2 d5 5. O-O O-O 6. c4 c6 7. cxd5 cxd5 8. Nc3 Ne4 9. Nxe4 dxe4 10. Ne5 Nc6 11. Nxc6 bxc6 12. Be3 Bf5 13. Qc2 Qd5 14.
Rfd1 Rab8 15. b3 Rfc8 16. Rac1 h5 17. h4 Rb4 18. Qc5 Qxc5 19. Rxc5 Rb5 20. Rdc1 Rxc5 21.
Rxc5 Rd8 22. Rc4 Rd6 23. Ra4 Rd7 24. Kh2 Bf6 25. Bh3 Kf8 26. Bh6+ Ke8 27. e3 Kd8 28. Ra5 Bxh3 29. Kxh3 Kc8 30. g4 hxg4+ 31. Kxg4 Kb7 32. Bg5 Bg7 33. Bf4 Rd5 34. Ra4 a5 35. Rc4 Kb6 36. Bg5 e6 37. Be7 e5 38. Bc5+ Kb7 39. dxe5 Bxe5 40. Bd4 Bxd4 41. Rxd4 Kb6 42. Kf4 Rxd4 43.
exd4 f5 44. h5 gxh5 45. Kxf5 c5 46. d5 a4 47. Kxe4 Kc7 48. Kf5 Kd6 49. Kg5 Kxd5 50.
Kxh5 a3 51. f4 c4 52. bxc4+ Kxc4 53. f5 Kc3 54. f6 Kb2 55. f7 Kxa2 56. f8=Q Kb1 57.
Qf1+ Kb2 58. Qe2+ Kb1 59. Qd3+ Kb2 60. Qb5+ Kc2 61. Qa4+ Kb2 62. Qb4+ Ka2 63. Kg4 1-0

[Event "*** Titled Tuesday 3|2 Blitz"]
[Site "Chess.com"]
[Date "2015.09.01"]
[Round "6"]
[White "arnacman"]
[Black "pKiLz5Rn9b"]
[Result "1-0"]
[WhiteElo "2260"]
[BlackElo "2413"]
[TimeControl "180+2"]
[EndTime "12:15:26 PDT"]
[Termination "arnacman won by resignation"]

1. e4 e6 2. d4 d5 3. Nc3 Nf6 4. e5 Nfd7 5. f4 c5 6. Nf3 Nc6 7. Be3 Be7 8. Qd2 O-O 9. dxc5 Nxc5 10. O-O-O Qa5 11. a3 Rd8 12. Nd4 Bd7 13. Kb1 Nxd4 14. Bxd4 Qc7 15. f5 Bf8 16. f6 g6 17. h4 h6 18. Bd3 b5 19. Ne2 Ne4 20. Qc1 b4 21.
axb4 a5 22. b5 a4 23. b6 Qc6 24. Ka2 Rdb8 25. Qe3 Ra5 26. Nc3 Nxc3+ 27. bxc3 Rc5 28. Qd2 Rc4 29. Rb1 a3 30. Rb3 Qa4 31. Bxc4 Qxc4 32. Qd3 Ba4 33. Qxc4 dxc4 34. Rb4 Bxb4 35. cxb4 Bxc2 36.
Kxa3 Be4 37. Rh2 Bd5 38. Kb2 Kf8 39. g4 Ke8 40. Kc3 Kd7 41. Ra2 Rb7 42. Be3 h5 43. gxh5 gxh5 44. Ra1 Kc6 45. Ra8 Rd7 46. Re8 Kb7 47.
Re7 Kc6 48. Kd4 Rd8 49. Kc3 Rb8 50. Rxf7 Ra8 51. Ra7 Rg8 52. f7 Rg3 53. f8=Q Rxe3+ 54. Kd2 Rd3+ 1-0

[Event "*** Titled Tuesday 3|2 Blitz"]
[Site "Chess.com"]
[Date "2015.09.01"]
[Round "6"]
[White "PowerThinking2650"]
[Black "motivated_bishop"]
[Result "1-0"]
[WhiteElo "2098"]
[BlackElo "2057"]
[TimeControl "180+2"]
[EndTime "12:15:29 PDT"]
[Termination "PowerThinking2650 won by resignation"]

1. e4 e5 2. Nf3 Nc6 3. d4 exd4 4. Nxd4 Nf6 5. Nxc6 bxc6 6. e5 Qe7 7. Qe2 Nd5 8.
c4 Ba6 9. b3 g6 10. g3 Bg7 11.
Bb2 O-O 12. Bg2 Rae8 13. O-O Bxe5 14. Qxe5 Qxe5 15. Bxe5 Rxe5 16. cxd5 Bxf1 17. Kxf1 cxd5 18. Nc3 c6 19. Rd1 Rb8 20. Rd4 a5 21. Ra4 Rb4 22. Rxa5 Rd4 23. Rc5 Rd2 24. Bf3 Rf5 25. Be2 d4 26. Ne4 Rxa2 27. Rxf5 gxf5 28. Nf6+ Kf8 29. Nxd7+ Ke7 30. Nc5 Kd6 31. Nd3 c5 32. Nf4 f6 33.
Bc4 Rd2 34. Nd3 Rc2 35. Kg2 Rd2 36. Kf3 Kc6 37. Kf4 Kb6 38. Kxf5 Ka5 39. h4 Rxd3 40. Bxd3 Kb4 41. Bc4 Kc3 42. Ke4 f5+ 43. Kf3 d3 44. Ke3 d2 45. Be2 Kc2 46. f3 d1=Q 47. Bxd1+ Kxd1 48. Kd3 Ke1 49. g4 f4 50. g5 Kf2 51.
Ke4 Kg3 52. h5 Kh4 53. g6 c4 54. bxc4 Kg5 55. gxh7 Kh4 56. h8=Q 1-0

[Event "*** Titled Tuesday 3|2 Blitz"]
[Site "Chess.com"]
[Date "2015.09.01"]
[Round "6"]
[White "manubibi"]
[Black "Mazetovic"]
[Result "1-0"]
[WhiteElo "2430"]
[BlackElo "2392"]
[TimeControl "180+2"]
[EndTime "12:16:19 PDT"]
[Termination "manubibi won by resignation"]

1. e4 c5 2. Nf3 Nc6 3. Bb5 d6 4. Bxc6+ bxc6 5. e5 Bg4 6. h3 Bh5 7. O-O d5 8. e6 fxe6 9. Re1 Nf6 10. g4 Bf7 11.
Ng5 h5 12. Nxf7 Kxf7 13. g5 Ne4 14. d3 Nd6 15. Nd2 g6 16. Nf3 Bg7 17. Be3 Qa5 18. Bd2 Qa4 19. b3 Qa6 20. Ne5+ Bxe5 21. Rxe5 Nf5 22.
Bc3 Rhd8 23. Qe2 d4 24. Bd2 Rd5 25. Rxe6 Qc8 26. Re1 Qd7 27. Qe4 Rf8 28. Bf4 Kg7 29. a4 Rf7 30. Kh1 Kh7 31. Qe2 Ng7 32. Bg3 Nxe6 33. Qxe6 Qxe6 34. Rxe6 Rxg5 35. Rxc6 h4 36. Bxh4 Rh5 37. Bg3 Rxh3+ 38. Kg2 Rh5 39. Rc7 Rhf5 40. Rxa7 e6 41. Ra6 e5 42. Rc6 Re7 43. Rxc5 e4 44. Rc4 e3 45. fxe3 dxe3 46. Re4 Rxe4 47. dxe4 Rc5 48.
c4 Rg5 49. Kf3 e2 50. Bf2 Rh5 51. Kxe2 Rh3 52. Be3 Kg7 53. a5 Kf6 54. a6 Ke5 55. a7 Rh8 56. Kd3 Kd6 57. b4 Kc6 58. b5+ Kb7 59.
e5 g5 60. Bxg5 Kxa7 61. c5 Rh1 62. Kc4 Kb7 63. Be3 Rd1 64. Bd4 Kc7 65. Kd5 Kd7 66. e6+ Ke7 67. b6 Rb1 68. c6 1-0

[Event "*** Titled Tuesday 3|2 Blitz"]
[Site "Chess.com"]
[Date "2015.09.01"]
[Round "6"]
[White "tac49"]
[Black "Ar4uha"]
[Result "1-0"]
[WhiteElo "2432"]
[BlackElo "2385"]
[TimeControl "180+2"]
[EndTime "12:16:48 PDT"]
[Termination "tac49 won by resignation"]

1. e4 d5 2. exd5 Nf6 3. d4 Nxd5 4. c4 Nb6 5. Nf3 g6 6. Nc3 Bg7 7. Be3 O-O 8. Rc1 Bg4 9. h3 Bxf3 10. Qxf3 Nc6 11. c5 Nd7 12. Rd1 e5 13. dxe5 Ndxe5 14. Qg3 Qe8 15. Be2 Qe6 16. O-O Nc4 17. Bxc4 Qxc4 18. Qxc7 Qb4 19. Nd5 Qxb2 20. Rd2 Qb5 21. a4 Qb3 22. Qf4 Rad8 23. Nf6+ Kh8 24. Rd6 Rxd6 25.
cxd6 Qe6 26. Ne4 Be5 27. Qh6 Bg7 28. Ng5 Bxh6 29. Nxe6 fxe6 30. Bxh6 Rd8 31. Rd1 Rd7 32. Rd3 Kg8 33. Rf3 Rd8 34. Rf6 Nd4 35. d7 Nc6 36. a5 Ne5 37. Rxe6 Nxd7 38. Rd6 Kf7 39. Bg5 Ke8 40. Re6+ Kf7 41. Rd6 Ke8 42. Bxd8 Kxd8 43. f4 Ke7 44. Rd4 b6 45. axb6 axb6 46. Kf2 Nc5 47. Ke3 Ke6 48. Rb4 Nd7 49. g4 Kd6 50. Kd4 Ke6 51. Rb5 Kd6 52. f5 gxf5 53. Rxf5 Ke7 54.
Rh5 Nf8 55. Ke5 Kf7 56. Rf5+ Ke7 57. Kf4 Ne6+ 58. Kg3 Kd6 59. Rf7 h6 60. Rf6 b5 61.
Rxh6 b4 62. Rh8 Kc7 63. Rh5 Kc6 64. Rf5 Nc5 65. Rf1 Ne4+ 66. Kf4 Nd2 67. Rc1+ Kb5 68. h4 b3 69. Rc8 Nc4 70. Rb8+ Nb6 71. Re8 Nd5+ 72. Kf3 b2 73. Re1 Nc3 74. h5 Kc4 75. h6 Na2 76. Rb1 Nc3 77. Rxb2 Nb5 78. Rxb5 Kxb5 79.
h7 Kc6 80. h8=Q Kd5 81. Qf6 1-0

[Event "*** Titled Tuesday 3|2 Blitz"]
[Site "Chess.com"]
[Date "2015.09.01"]
[Round "6"]
[White "E-Shaposhnikov"]
[Black "Boryboy"]
[Result "0-1"]
[WhiteElo "2418"]
[BlackElo "2502"]
[TimeControl "180+2"]
[EndTime "12:17:19 PDT"]
[Termination "Boryboy won on time"]

1. Nf3 d5 2. d4 Nf6 3. c4 e6 4. Nc3 Nbd7 5. g3 c6 6. Bg2 dxc4 7. Nd2 Nb6 8. e3 e5 9. dxe5 Ng4 10. Na4 Nxe5 11. O-O Be7 12. Nxb6 axb6 13. f4 Nd3 14. Nxc4 Nxc1 15. Qxd8+ Kxd8 16. Nxb6 Rxa2 17. Rfxc1 Rxa1 18. Rxa1 Kc7 19. Nxc8 Rxc8 20. Kf2 Bf6 21. Ra2 Rd8 22. Ke2 h6 23. Be4 Kb6 24. Ra3 Rd7 25. Bd3 Kc5 26. Ra2 b5 27. e4 Bd4 28. e5 Re7 29. b3 f6 30. Rc2+ Kb6 31. Be4 c5 32. Ra2 fxe5 33. f5 Rd7 34. g4 c4 35. bxc4 bxc4 36. h4 Kc5 37. g5 hxg5 38. hxg5 Bc3 39. Ra6 Rd2+ 40. Ke3 Rh2 41. f6 gxf6 42. gxf6 Bd2+ 43. Kf3 Rh4 44. Bg6 Rf4+ 45. Ke2 Bb4 46. f7 Kd4 47. Rb6 Bc5 48. Rb8 Rf6 49. Rd8+ Kc3 50. Bh5 Rf5 51.
Bg6 Rf2+ 52. Ke1 Rf4 53. Rd5 Bb4 54. Ke2 Rf6 55. Bh5 Rf5 56. Bg6 Rg5 57. Be4 Rg4 58.
Ke3 Rf4 59. Bg6 Rf6 60. Bh5 Rh6 61. Bg4 Rh7 62. Be6 Rh5 63. Rd8 Rh6 64. Bd5 Rf6 65. Rc8 Rf4 66. Rb8 Bc5+ 67. Ke2 Kd4 68. Be6 Kc3 69. Rc8 Kb4 70. Rb8+ Ka5 71. Rc8 Kb6 72.
Bd5 c3 73. Kd3 Rd4+ 74. Kc2 Bb4 75. Be6 Rd2+ 76. Kb1 Rb2+ 77. Kc1 Rf2 78. Rb8+ Kc5 79. Rc8+ Kd4 80. Rc4+ Kd3 0-1

[Event "*** Titled Tuesday 3|2 Blitz"]
[Site "Chess.com"]
[Date "2015.09.01"]
[Round "7"]
[White "Ar4uha"]
[Black "BIG_Pirate"]
[Result "0-1"]
[WhiteElo "2373"]
[BlackElo "2218"]
[TimeControl "180+2"]
[EndTime "12:20:28 PDT"]
[Termination "BIG_Pirate won by resignation"]

1. e4 d5 2. exd5 Qxd5 3. Nf3 Nf6 4. Be2 Nc6 5. O-O Bg4 6. d4 O-O-O 7. c4 Qf5 8. d5 e6 9. Bd3 Qh5 10. dxc6 Bxf3 11. gxf3 Bd6 12. Re1 Qh3 13. f4 Ng4 14. Qf3 Qxf3 0-1

[Event "*** Titled Tuesday 3|2 Blitz"]
[Site "Chess.com"]
[Date "2015.09.01"]
[Round "7"]
[White "Tesla17"]
[Black "WarlordX"]
[Result "1-0"]
[WhiteElo "2141"]
[BlackElo "2189"]
[TimeControl "180+2"]
[EndTime "12:21:15 PDT"]
[Termination "Tesla17 won by resignation"]

1. d4 Nf6 2. c4 e6 3. Nf3 b6 4. a3 Bb7 5. Nc3 Be7 6. d5 exd5 7. cxd5 O-O 8. e4 Re8 9. Bd3 Bc5 10. O-O c6 11. b4 Bf8 12. Bb2 cxd5 13. exd5 h6 14. Bb5 a6 15. Ba4 b5 16. Bc2 d6 17. Qd3 g6 18. a4 bxa4 19. Bxa4 Nbd7 20. Bc6 Qb6 21. Na4 Qxb4 22. Bc3 Qg4 23. Bxb7 Rab8 24. Bc6 Bg7 25. h3 Qf4 26. g3 Qf5 27. Qxf5 gxf5 28. Bxf6 Nxf6 29.
Bxe8 Nxe8 30. Rab1 Rc8 31. Rfc1 Rd8 32. Nh4 1-0